 Dungeon Crawl Stone Soup version 0.28-a0-8-g6e044cfa68 (webtiles) character file.

Game seed: 2987900532447067541

17 ezpacito the Skirmisher (level 2, 21/24 HPs)
             Began as a Demonspawn Abyssal Knight on July 24, 2021.
             Was a Follower of Lugonu.
             Quit the game on level 1 of the Dungeon.
             The game lasted 00:02:28 (801 turns).

ezpacito the Skirmisher (Demonspawn Abyssal Knight)  Turns: 801, Time: 00:02:29

Health: 21/24      AC:  5    Str: 12    XL:     2   Next: 44%
Magic:  4/4        EV: 10    Int: 13    God:    Lugonu [*.....]
Gold:   113        SH:  0    Dex: 12    Spells: 1/1 levels left

rFire   . . .      SeeInvis .   a - +1 hand axe
rCold   . . .      Faith    .   (no shield)
rNeg    . . .      Spirit   .   h - +0 ring mail
rPois   .          Reflect  .   (no helmet)
rElec   .          Harm     .   (no cloak)
rCorr   .          Rampage  .   (no gloves)
Will    .....                   (no boots)
Stlth   +.........              (no amulet)
HPRegen 0.08/turn               (no ring)
MPRegen 0.09/turn               (no ring)

@: no status effects
A: talons 1
a: Renounce Religion, Depart the Abyss


You were on level 1 of the Dungeon.
You worshipped Lugonu.
Lugonu was aware of your devotion.
You visited 1 branch of the dungeon, and saw 1 of its levels.
You visited the Abyss 1 time.

You collected 113 gold pieces.

Inventory:

Hand Weapons
 a - a +1 hand axe (weapon)
Missiles
 d - 28 stones
Armour
 b - a +0 leather armour
 h - a +0 ring mail (worn)
Scrolls
 e - a scroll of immolation {unknown}
 f - a scroll of identify {unknown}
 g - 2 scrolls of fear {unknown}
 j - a scroll of enchant armour {unknown}
 k - a scroll of enchant weapon {unknown}
Potions
 c - a potion of heal wounds {unknown}
 i - a potion of magic {unknown}


   Skills:
 + Level 3.1 Fighting
 * Level 2.2 Axes
 + Level 1.9 Armour
 + Level 1.1 Dodging
 + Level 0.3 Spellcasting
 + Level 2.7 Invocations


You had one spell level left.
You didn't know any spells.
Your spell library contained the following spells:

 Spells                   Type           Power      Damage    Failure   Level
 Sublimation of Blood     Necr           0%         N/A       71%         2
 Wereblood                Tmut           0%         N/A       71%         2
 Summon Hydra             Summ           0%         N/A       100%        7


Dungeon Overview and Level Annotations

Branches:
Dungeon (1/15)

Altars:


Innate Abilities, Weirdness & Mutations

You have sharp toenails.


Message History

No target in view!
No target in view!
No target in view!
No target in view!
No target in view!
No target in view!
No target in view!
No target in view!
A frilled lizard comes into view.
The frilled lizard hisses angrily.
A frilled lizard is nearby!
A frilled lizard is nearby!
You miss the frilled lizard.
You claw the frilled lizard, but do no damage.
The frilled lizard bites you.
You hit the frilled lizard. Your kick misses the frilled lizard.
The frilled lizard is heavily wounded.
The frilled lizard barely misses you.
You closely miss the frilled lizard.
The frilled lizard is heavily wounded.
The frilled lizard completely misses you.
You closely miss the frilled lizard. Your kick misses the frilled lizard.
The frilled lizard is heavily wounded.
The frilled lizard hisses.
The frilled lizard bites you but does no damage.
You miss the frilled lizard.
The frilled lizard is heavily wounded.
The frilled lizard closely misses you.
You barely miss the frilled lizard.
The frilled lizard is heavily wounded.
The frilled lizard misses you. The frilled lizard closely misses you.
You barely miss the frilled lizard.
The frilled lizard is heavily wounded.
The frilled lizard bites you but does no damage.
You completely miss the frilled lizard. Your kick misses the frilled lizard.
The frilled lizard is heavily wounded.
The frilled lizard bites you but does no damage.
A frilled lizard is nearby!
A frilled lizard is nearby!
Are you sure you want to abandon this character and quit the game? (Confirm with "yes".)

#.†...####.#.#
#.....#.......
####........#
............#
####..#.....#
.....#.....#
###..#.....#
.######..#.....#
......l@.......#
########(#.#...#
#.#.##.## #.#.#
.# #.#.# ..
#.#.# #. #.#.#
.. ....#


You could see a frilled lizard.

Vanquished Creatures
  A dart slug (D:1)
  An endoplasm (D:1)
  2 hobgoblins (D:1)
  3 kobolds (D:1)
  3 quokkas (D:1)
  2 bats (D:1)
  A frilled lizard (D:1)
13 creatures vanquished.

Notes
Turn   | Place    | Note
-------+----------+-------------------------------------------
     0 | Abyss:1  | ezpacito the Demonspawn Abyssal Knight began the quest for
                  | the Orb.
     0 | Abyss:1  | Reached XP level 1. HP: 18/18 MP: 2/2
   113 | Abyss:1  | Noticed a large abomination
   206 | Abyss:3  | Found a corrupted altar of Lugonu.
   284 | Abyss:4  | Noticed a storm dragon skeleton
   287 | D:1      | Escaped the Abyss
   439 | D:1      | Reached skill level 1 in Dodging
   603 | D:1      | Reached * piety under Lugonu
   604 | D:1      | Gained mutation: You have sharp toenails. [demonic
                  | ancestry]
   604 | D:1      | Reached XP level 2. HP: 23/24 MP: 3/3
   801 | D:1      | Quit the game

Illustrated notes

Levels and vault maps discovered:
D:1:      mrwooster_arrival_statue_2, layout_basic,
          hellmonk_ecumenical_altar_dog_temple

Skill      XL: |  1 |
---------------+----+-----
Dodging        | 1 |  1.1
Axes           | 2 |  2.2
Fighting       | |  3.1
Armour         | |  1.9
Spellcasting   | |  0.3
Invocations    | |  2.7

Action                   || total
-------------------------++-------
Melee: Hand axe          ||    36
       Kick              ||     5
Invok: Depart the Abyss  ||     1
Armor: Ring mail         ||    13
Dodge: Dodged            ||    20

Table legend: (Time is in decaauts)
 A = Elapsed time spent in this place.
 B = Non-inter-level travel time spent in this place.
 C = Inter-level travel time spent in this place.
 D = Time resting spent in this place.
 E = Time spent auto-exploring this place.
 F = Levels seen in this place.
 G = Mean time per level.
                   A        B        C        D        E       F      G
               +--------+--------+--------+--------+--------+-----+--------+
         Total |    812 |    812 |      0 |      0 |    454 |   5 |  162.4 |
       Dungeon |    521 |    521 |      0 |      0 |    436 |   1 |  521.0 |
         Abyss |    291 |    291 |      0 |      0 |     18 |   4 |   72.8 |
               +--------+--------+--------+--------+--------+-----+--------+

Top non-repeatable levels by time:
     D:1: 521 daAuts
 Abyss:1: 166 daAuts
 Abyss:2: 44 daAuts
 Abyss:4: 43 daAuts
 Abyss:3: 36 daAuts
